 Dungeon Crawl Stone Soup version 0.17-b1-15-g0f5fb43 (webtiles) character file.

6825 HaroldButt the Martial Artist (level 10, -10/88 HPs)
             Began as a Minotaur Monk on Nov 3, 2015.
             Was a High Priest of Makhleb.
             Mangled by a blink frog (13 damage)
             ... on level 1 of the Lair of Beasts.
             The game lasted 00:25:54 (9920 turns).

HaroldButt the Martial Artist (Minotaur Monk)       Turns: 9920, Time: 00:25:54

Health: -10/88     AC: 11    Str: 15    XL:     10   Next: 77%
Magic:  15/15      EV: 16    Int:  7    God:    Makhleb [*****.]
Gold:   537        SH:  0    Dex: 17    Spells: 0 memorised, 9 levels left

rFire  . . .     SeeInvis .       - Unarmed
rCold  . . .     Clarity  .     k - +0 ring mail
rNeg   + . .     SustAt   .     (no shield)
rPois  .         Gourm    .     (helmet restricted)
rElec  .         Spirit   .     (no cloak)
rCorr  .         Warding  .     a - +1 pair of gloves
rMut   .         Stasis   .     M - +1 pair of boots
MR     +....                    (no amulet)
Stlth  +.........               r - ring of protection from magic
                                A - ring of positive energy

@: somewhat resistant to hostile enchantments, very unstealthy
A: retaliatory headbutt, horns 2
a: Minor Destruction, Lesser Servant of Makhleb, Major Destruction, Greater
Servant of Makhleb, Renounce Religion


You were on level 1 of the Lair of Beasts.
You worshipped Makhleb.
Makhleb was extremely pleased with you.
You were not hungry.

You visited 2 branches of the dungeon, and saw 10 of its levels.
You also visited: Sewer.

You collected 537 gold pieces.

Inventory:

Missiles
 g - 240 stones
 i - 14 tomahawks (quivered)
 m - 4 curare-tipped needles
Armour
 a - a +1 pair of gloves (worn)
 e - a +0 shield
 k - a +0 ring mail (worn)
 B - a +3 plate armour
 M - a +1 pair of boots (worn)
Jewellery
 p - an uncursed ring of stealth
 r - a ring of protection from magic (right hand)
 A - a ring of positive energy (left hand)
 H - an uncursed ring of flight {unknown}
Wands
 F - a wand of magic darts (32)
Scrolls
 c - 2 scrolls of remove curse
 t - 3 scrolls of magic mapping
 w - 2 scrolls of enchant weapon
 y - a scroll of immolation
 D - a scroll of enchant armour
 I - 2 scrolls of fear
 J - a scroll of fog
Potions
 d - a potion of cancellation
 f - 2 potions of haste
 h - a potion of invisibility
 l - a potion of resistance
 n - 4 potions of ambrosia {unknown}
 o - 2 potions of berserk rage {unknown}
 s - 2 potions of brilliance {unknown}
 u - 2 potions of magic {unknown}
 v - a potion of flight {unknown}
 z - 2 potions of heal wounds {unknown}
 C - a potion of might {unknown}
 G - a potion of lignification {unknown}
Books
 K - a book of the Warp

   Spells                             Type                      Level
   a - Recall                         Summoning/Translocation      3
   b - Gell's Gravitas                Hexes/Translocation          3
   c - Force Lance                    Conjuration/Translocation    4
   d - Phase Shift                    Translocation                5
   e - Warp Weapon                    Charms/Translocation         5
   f - Summon Forest                  Summoning/Translocation      5
Comestibles
 b - 3 bread rations
 j - 5 meat rations
 q - 2 royal jellies
 x - 2 chunks of flesh
 E - 3 slices of pizza
 L - 3 fruits


   Skills:
 - Level 8.0 Fighting
 - Level 7.0 Armour
 + Level 8.2 Dodging
 - Level 1.5 Stealth
 + Level 11.3 Unarmed Combat
 - Level 8.0 Invocations


You had 9 spell levels left.
You didn't know any spells.

Dungeon Overview and Level Annotations

Branches:
Dungeon (9/15)             Temple (0/1) D:6            Lair (1/8) D:9
    Orc: D:9-12

Altars:
Dithmenos
Elyvilon
Kikubaaqudgha
Makhleb
Nemelex Xobeh
Trog
Yredelemnul


Innate Abilities, Weirdness & Mutations

You reflexively headbutt those who attack you in melee.
You have a pair of horns on your head.


Message History

You hit the blink frog but do no damage.
The blink frog is moderately wounded.
The blink frog misses you.
You punch the blink frog!
The blink frog is heavily wounded.
The blink frog hits you!
* * * LOW HITPOINT WARNING * * *
The blink frog hits you!
* * * LOW HITPOINT WARNING * * *
The blink frog blinks!
You see here a blink frog corpse.
Drink which item? (? for menu, Esc to quit)
Okay, then.
The blink frog completely misses you.
You see here a war axe.
The blink frog blinks!
The blink frog hits you.
* * * LOW HITPOINT WARNING * * *
The blink frog barely misses you. The blink frog hits you!
You die...

##### ######
#####P#.#####.##.##
#.................#
#.#######P####P##.###
#.# #########...####
#.# #.###......PP#
####.# #..@F........#
#.#..#######
#.####...###.#
...........###.#
##.####.#
...#.#.##P..#..# #..#
..# #..#.#####.###.#
#)## #.##### #..#.#
#.##..## #.## #.....
#....# ##.###.P# #..#
#.#.# #....# #..#
#.## #†## #.F.##
....P# #P.# #.#
###F####....####


You could see a blink frog.

Vanquished Creatures
  A fire drake (D:9)
  2 trolls (D:9)
  Sigmund (D:5)
  3 blink frogs (Lair:1)
  Eustachio (D:6)
  4 hippogriffs
  Menkaure (D:5)
  A phantom (D:6)
  2 sky beasts (D:9)
  A water moccasin (D:7)
  A black bear (D:8)
  5 orc warriors
  An ice beast (D:8)
  4 centaurs
  8 ogres
  2 crocodiles
  7 giant frogs
  A gnoll sergeant (D:8)
  A scorpion (D:8)
  A water moccasin zombie (D:9)
  6 killer bees (D:7)
  5 wights (D:8)
  3 crimson imps
  2 centaur zombies
  A giant frog zombie (D:5)
  2 jellies (D:7)
  2 centaur skeletons (D:9)
  6 orc priests
  7 orc wizards
  6 hounds
  2 giant frog skeletons
  2 iguanas
  Terence (D:3)
  7 worker ants
  2 hound zombies
  A hound skeleton (D:8)
  8 adders
  6 gnolls (D:8)
  2 river rats (D:4)
  5 worms
  An adder skeleton (D:9)
  An adder zombie (D:7)
  31 orcs
  3 giant cockroaches
  11 goblins
  4 hobgoblins
  2 jackals (D:4)
  4 kobolds
  6 quokkas
  7 bats
  3 giant geckos
  A giant gecko skeleton (D:9)
  5 giant newts
  A quokka skeleton (D:4)
  8 rats
212 creatures vanquished.

Vanquished Creatures (others)
  2 plants (Lair:1)
2 creatures vanquished.

Grand Total: 214 creatures vanquished

Notes
Turn   | Place    | Note
--------------------------------------------------------------
     0 | D:1      | HaroldButt the Minotaur Monk began the quest for the Orb.
     0 | D:1      | Reached XP level 1. HP: 19/19 MP: 0/0
   242 | D:1      | Reached XP level 2. HP: 9/26 MP: 1/1
   255 | D:1      | Reached skill level 5 in Unarmed Combat
   962 | D:2      | Reached XP level 3. HP: 25/31 MP: 2/2
  1246 | D:3      | Noticed Terence
  1256 | D:3      | Killed Terence
  1256 | D:3      | Reached skill level 6 in Unarmed Combat
  1256 | D:3      | Reached XP level 4. HP: 32/39 MP: 3/3
  2167 | D:4      | Reached skill level 7 in Unarmed Combat
  2167 | D:4      | Reached XP level 5. HP: 42/45 MP: 4/4
  2231 | D:4      | Noticed an ogre
  2238 | D:4      | Killed an ogre
  2357 | D:4      | Noticed an ogre
  2410 | D:4      | Reached skill level 8 in Unarmed Combat
  2425 | D:4      | Reached XP level 6. HP: 30/51 MP: 5/5
  2447 | D:4      | Found a glowing drain.
  2453 | Sewer    | Entered a sewer
  2904 | D:4      | Killed an ogre
  2904 | D:4      | Reached skill level 9 in Unarmed Combat
  3439 | D:5      | Entered Level 5 of the Dungeon
  3461 | D:5      | Noticed Sigmund
  3480 | D:5      | Killed Sigmund
  3480 | D:5      | Reached XP level 7. HP: 29/57 MP: 6/6
  3757 | D:5      | Noticed Menkaure
  3953 | D:4      | Reached skill level 10 in Unarmed Combat
  4388 | D:5      | Killed Menkaure
  4900 | D:5      | Found a sparkling altar of Nemelex Xobeh.
  4901 | D:5      | Found a burning altar of Makhleb.
  4901 | D:5      | Found an ancient bone altar of Kikubaaqudgha.
  4901 | D:5      | Found a shadowy altar of Dithmenos.
  4906 | D:5      | Found a bloodstained altar of Trog.
  4909 | D:5      | Found a basalt altar of Yredelemnul.
  4921 | D:5      | Became a worshipper of Makhleb the Destroyer
  4921 | D:5      | Reached * piety under Makhleb
  4921 | D:5      | Reached ** piety under Makhleb
  5160 | D:6      | Noticed Eustachio
  5186 | D:6      | Killed Eustachio
  5186 | D:6      | Reached skill level 1 in Armour
  5186 | D:6      | Reached skill level 1 in Invocations
  5186 | D:6      | Reached XP level 8. HP: 51/64 MP: 6/8
  5408 | D:6      | Found a staircase to the Ecumenical Temple.
  5663 | D:6      | Reached skill level 5 in Dodging
  5964 | D:7      | Found a flagged portal.
  6054 | D:7      | Reached *** piety under Makhleb
  6129 | D:7      | Reached skill level 5 in Armour
  6129 | D:7      | Reached XP level 9. HP: 52/70 MP: 11/11
  6173 | D:7      | Found a white marble altar of Elyvilon.
  6881 | D:7      | Reached skill level 5 in Invocations
  6889 | D:7      | Reached skill level 5 in Fighting
  7668 | D:8      | Reached **** piety under Makhleb
  8180 | D:8      | Reached XP level 10. HP: 64/86 MP: 12/14
  8911 | D:9      | Found a staircase to the Lair.
  9261 | D:9      | Reached ***** piety under Makhleb
  9681 | Lair:1   | Entered Level 1 of the Lair of Beasts
  9789 | Lair:1   | Reached skill level 11 in Unarmed Combat
  9910 | Lair:1   | HP: 3/88 [blink frog (10)]
  9915 | Lair:1   | HP: 2/88 [blink frog (2)]
  9920 | Lair:1   | Mangled by a blink frog

Action                   |  1- 3 |  4- 6 |  7- 9 | 10-12 || total
-------------------------+-------+-------+-------+-------++-------
Melee: Unarmed           |    71 |   114 |   318 |   159 ||   662
Throw: Tomahawk          |       |     6 |    14 |       ||    20
Invok: Minor Destruction |       |       |     2 |    11 ||    13
  Use: Scroll            |       |     9 |    12 |       ||    21
       Potion            |       |     1 |     2 |       ||     3
 Stab: Sleeping          |     1 |     6 |     1 |       ||     8
  Eat: Chunk             |     1 |     6 |    12 |     6 ||    25
       Beef jerky        |       |       |     2 |       ||     2
       Fruit             |       |       |     1 |       ||     1
